 Dungeon Crawl Stone Soup version 0.21.1-35-gfefc1aa2bb (webtiles) character file.

889 NoAnimeNoLife the Cudgeler (level 7, -2/49 HPs)
             Began as a Demonspawn Artificer on July 31, 2018.
             Was a Follower of Nemelex Xobeh.
             Slain by an orc warrior
             ... wielding a +0 scimitar
              (6 damage)
             ... on level 5 of the Dungeon.
             The game lasted 00:16:33 (6264 turns).

NoAnimeNoLife the Cudgeler (Demonspawn Artificer)   Turns: 6264, Time: 00:16:33

Health: -2/49      AC:  9    Str: 13 (14) XL:     7   Next: 77%
Magic:  9/9        EV:  6    Int: 12 (13) God:    Nemelex Xobeh [*.....]
Gold:   246        SH:  0    Dex: 12 (13) Spells: 6/6 levels left

rFire    + . .     SeeInvis .   l - +0 club
rCold    . . .     Gourm    .   (no shield)
rNeg     . . .     Faith    .   m - +1 chain mail
rPois    .         Spirit   .   (no helmet)
rElec    .         Reflect  .   (no cloak)
rCorr    .         Harm     .   (no gloves)
MR       .....                  (no boots)
Stlth    ..........             (no amulet)
HPRegen  0.16/turn              (no ring)
MPRegen  0.11/turn              (no ring)

@: lethally poisoned (-2 -> -4)
A: talons 2, demonic guardian 1, fire resistance 1, rot immunity
a: Renounce Religion


You were on level 5 of the Dungeon.
You worshipped Nemelex Xobeh.
Nemelex Xobeh was aware of your devotion.
You were very full.

You visited 1 branch of the dungeon, and saw 6 of its levels.

You collected 246 gold pieces.

Inventory:

Hand Weapons
 a - a +0 short sword
 i - a +3 dagger
 l - a +0 club (weapon)
Armour
 b - a +0 leather armour
 g - a +0 robe of magic resistance
 m - a +1 chain mail (worn)
Jewellery
 r - an uncursed ring of ice
Wands
 c - a wand of flame (7)
 d - a wand of enslavement (5)
 e - a wand of random effects (11)
 v - a wand of disintegration (10)
Scrolls
 h - a scroll of fear
 k - a scroll of vulnerability {unknown}
 o - a scroll of enchant armour
 y - 2 scrolls of teleportation
 B - a scroll of fog
Potions
 j - 3 potions of agility
 q - a potion of degeneration
 s - a potion of cancellation
 w - 2 potions of brilliance {unknown}
 z - 3 potions of might {unknown}
 D - a potion of magic
Books
 u - a book of Maledictions

   Spells                             Type                      Level
   a - Corona                         Hexes                        1
   b - Ensorcelled Hibernation        Hexes/Ice                    2
   c - Confuse                        Hexes                        3
   d - Tukima's Dance                 Hexes                        3
   e - Dazzling Spray                 Conjuration/Hexes            3
Miscellaneous
 x - a plain deck of summoning {drawn: 3}
 A - a plain deck of destruction {drawn: 4}
Comestibles
 f - 4 rations


   Skills:
 - Level 1.8 Fighting
 - Level 0.8 Short Blades
 + Level 7.5 Maces & Flails
 - Level 0.7 Armour
 - Level 2.3 Dodging
 - Level 0.8 Stealth
 - Level 3.2 Evocations


You had 6 spell levels left.
You didn't know any spells.

Dungeon Overview and Level Annotations

Branches:
Dungeon (6/15)             Temple (0/1) D:4

Altars:
Gozag
Makhleb
Nemelex Xobeh
Ru
Vehumet
Wu Jian
The Shining One

Shops:
D:5 !


Innate Abilities, Weirdness & Mutations

You have razor-sharp toenails.
A weak demonic guardian rushes to your aid.
You are immune to rotting.
Your flesh is heat resistant. (rF+)


Message History

The orc is heavily wounded.
You feel sick.
The orc warrior hits you with a scimitar!
The orc hits you but does no damage.
Unknown command.
The orc warrior hits you with a scimitar!
* * * LOW HITPOINT WARNING * * *
The leopard gecko skeleton bites you but does no damage.
The howler monkey skeleton barely misses you.
The orc hits you but does no damage.
You climb upwards.
Your summoned ally is left behind.
You feel sick.
There is a stone staircase leading down here.
Okay, then.
Okay, then.
It was a potion of degeneration.
There was something very wrong with that liquid.
You feel weakened.
You feel dopey.
You feel clumsy.
The orc warrior hits you with a scimitar.
You die...
Your body disappears without a glow.

#.# #.......# #.##...... #.#
#.......# #......... ####.####
#......## ####...... #....(..#
#....<.# #.##### #.##..#.#
######## ##.# # #.##....##
#..# # #....∩...# #.######
#..##.#..# ######## #...##..
#........# #@o....# #...##.#
##.##....# #o####.####...##..
#.#####.# #.####.#.......#.#
#.......#####.##....<......#..
#######..........#.#.......###
#######.####.####...##.#
#......# #...##.# ########
#...##.. ##.#####


You could see an orc warrior and an orc.

Vanquished Creatures
  2 ogres (D:5)
  A phantom (D:2)
  2 wights (D:4)
  2 crimson imps
  A hound (D:4)
  3 worker ants
  A killer bee zombie (D:5)
  A hound zombie (D:5)
  7 gnolls
  6 adders
  3 worms (D:2)
  2 dart slugs
  An orc (D:6)
  5 giant cockroaches
  11 goblins
  7 hobgoblins
  9 jackals
  5 kobolds
  A quokka (D:4)
  12 bats
  4 frilled lizards
  2 giant cockroach zombies (D:5)
  2 leopard gecko skeletons (D:5)
  16 rats
106 creatures vanquished.

Vanquished Creatures (collateral kills)
  A centaur (D:5)
  A bullfrog (D:6)
  A wight (D:4)
  2 worker ants
  4 gnolls
  A shadow imp (D:5)
  4 orcs (D:6)
  A giant cockroach (D:6)
  A frilled lizard (D:3)
  A rat (D:2)
17 creatures vanquished.

Vanquished Creatures (others)
  An ogre (D:6)
  A gnoll (D:2)
  2 adders (D:2)
4 creatures vanquished.

Grand Total: 127 creatures vanquished

Notes
Turn   | Place    | Note
-------+----------+-------------------------------------------
     0 | D:1      | NoAnimeNoLife the Demonspawn Artificer began the quest for the Orb.
     0 | D:1      | Reached XP level 1. HP: 15/15 MP: 3/3
     1 | D:1      | Noticed a troll
     3 | D:1      | Noticed a minotaur zombie
     7 | D:1      | Noticed a vampire
     8 | D:1      | Noticed a minotaur zombie
    17 | D:1      | Noticed an ogre
    17 | D:1      | Noticed an ogre
    19 | D:1      | Noticed a ghoul
   248 | D:1      | Gained mutation: You have sharp toenails. [demonic ancestry]
   248 | D:1      | Reached XP level 2. HP: 17/21 MP: 4/4
  1065 | D:2      | Reached XP level 3. HP: 24/27 MP: 5/5
  1114 | D:2      | Found a sacrificial altar of Ru.
  1172 | D:2      | Found a radiant altar of Vehumet.
  1212 | D:2      | Reached skill level 1 in Maces & Flails
  1245 | D:2      | Found an ornate altar of the Wu Jian Council.
  1607 | D:2      | Reached skill level 2 in Maces & Flails
  1666 | D:2      | Gained mutation: You are immune to rotting. [demonic ancestry]
  1666 | D:2      | Reached XP level 4. HP: 13/33 MP: 6/6
  2229 | D:2      | Reached skill level 3 in Maces & Flails
  2597 | D:2      | Gained mutation: A weak demonic guardian rushes to your aid. [demonic ancestry]
  2597 | D:2      | Reached XP level 5. HP: 37/38 MP: 7/7
  2619 | D:2      | Noticed a phantom
  2751 | D:2      | Killed a phantom
  2751 | D:2      | Reached skill level 4 in Maces & Flails
  3195 | D:3      | Reached XP level 6. HP: 44/44 MP: 8/8
  3492 | D:3      | Found an opulent altar of Gozag.
  3492 | D:3      | Found a sparkling altar of Nemelex Xobeh.
  3501 | D:3      | Became a worshipper of Nemelex Xobeh the Trickster
  3546 | D:3      | Reached skill level 5 in Maces & Flails
  3586 | D:3      | Found a burning altar of Makhleb.
  3743 | D:3      | Received a gift from Nemelex Xobeh
  4430 | D:4      | Found a staircase to the Ecumenical Temple.
  4664 | D:4      | Reached skill level 6 in Maces & Flails
  4897 | D:5      | Entered Level 5 of the Dungeon
  4900 | D:5      | Reached XP level 7. HP: 47/49 MP: 9/9
  5017 | D:5      | Reached * piety under Nemelex Xobeh
  5121 | D:5      | Found a glowing golden altar of the Shining One.
  5248 | D:5      | Reached skill level 7 in Maces & Flails
  5423 | D:5      | Received a gift from Nemelex Xobeh
  5703 | D:5      | Found Untukigi's Distillery.
  6197 | D:5      | Gained mutation: You have razor-sharp toenails. [potion of mutation]
  6197 | D:5      | Gained mutation: Your flesh is heat resistant. (rF+) [potion of mutation]
  6264 | D:5      | Slain by an orc warrior

Skill      XL: |  1  2  3  4  5  6  7 |
---------------+----------------------+-----
Dodging        | 2 |  2.3
Maces & Flails | 2 3 4 6 7 |  7.5
Fighting       | |  1.8
Short Blades   | |  0.8
Armour         | |  0.7
Stealth        | |  0.8
Evocations     | |  3.2

Action                   |  1- 3 |  4- 6 |  7- 9 || total
-------------------------+-------+-------+-------++-------
Melee: Short sword       |    37 |       |       ||    37
       Dagger            |    91 |   239 |    10 ||   340
       Kick              |    19 |    60 |    32 ||   111
       Club              |       |       |    82 ||    82
Evoke: Wand              |       |    15 |     9 ||    24
       Deck              |       |       |     7 ||     7
  Use: Scroll            |     4 |       |     9 ||    13
       Potion            |     1 |       |     2 ||     3
  Eat: Chunk             |     2 |     7 |     2 ||    11
       Ration            |       |     1 |     3 ||     4
Armor: Leather armour    |    24 |       |       ||    24
       Chain mail        |    53 |   180 |    80 ||   313
Dodge: Dodged            |    96 |    76 |    42 ||   214
